 Dungeon Crawl Stone Soup version 0.27-a0-328-g7f782ed93a (webtiles) character file.

Game seed: 9873569689870061538

103 KristoblXynda the Firebug (level 4, 0/33 HPs)
             Began as a Draconian Fire Elementalist on Feb 11, 2021.
             Was an Initiate of Ashenzari.
             Succumbed to an adder's poison
             ... on level 3 of the Dungeon.
             The game lasted 00:03:41 (2002 turns).

KristoblXynda the Firebug (DrFE)                    Turns: 2002, Time: 00:03:42

Health: 0/33       AC:  5    Str: 10    XL:     4   Next: 51%
Magic:  6/7        EV: 13    Int: 16    God:    Ashenzari [......]
Gold:   139        SH:  0    Dex: 12    Spells: 6/7 levels left

rFire    . . .     SeeInvis .   d - +0 short sword
rCold    . . .     Faith    .   (no shield)
rNeg     . . .     Spirit   .   (armour unavailable)
rPois    .         Reflect  .   (helmet restricted)
rElec    .         Harm     .   (no cloak)
rCorr    .         Rampage  .   (no gloves)
Will     .....                  (no boots)
Stlth    ++........             (no amulet)
HPRegen  0.11/turn              (no ring)
MPRegen  0.10/turn              (no ring)

@: lethally poisoned (0 -> -15)
A: unfitting armour, cold-blooded, AC +5
a: Renounce Religion, Curse Item


You were on level 3 of the Dungeon.
You worshipped Ashenzari.
Ashenzari was noncommittal.
You visited 1 branch of the dungeon, and saw 3 of its levels.

You collected 139 gold pieces.

Inventory:

Hand Weapons
 d - a +0 short sword (weapon)
Armour
 f - a +0 buckler
Jewellery
 b - a ring of ice
Scrolls
 a - 4 scrolls of identify
 c - a scroll of enchant weapon
 h - a scroll of fear
 i - 2 scrolls of teleportation
 j - a scroll of magic mapping
 l - a scroll of amnesia
Potions
 e - 2 potions of might
 g - a potion of attraction
 k - a potion of brilliance


   Skills:
 + Level 2.9 Dodging
 - Level 1.7 Stealth
 - Level 2.0 Spellcasting
 + Level 2.5 Conjurations
 + Level 3.9 Fire Magic


You had 6 spell levels left.
You knew the following spells:

 Your Spells              Type           Power        Failure   Level
a - Foxfire               Conj/Fire      48%          5%          1

Your spell library contained the following spells:

 Spells                   Type           Power        Failure   Level
 Conjure Flame            Conj/Fire      12%          16%         3
 Inner Flame              Hex/Fire       7%           28%         3
 Sticky Flame             Conj/Fire      12%          47%         4
 Fireball                 Conj/Fire      6%           83%         5


Dungeon Overview and Level Annotations

Branches:
Dungeon (3/15)

Altars:
Ashenzari


Innate Abilities, Weirdness & Mutations

Your plain brown scales are hard. (AC +5)
You cannot fit into any form of body armour.
You are cold-blooded and may be slowed by cold attacks.


Message History

You feel sick. The adder barely misses you.
You miss the adder.
Your tail-slap misses the adder.
The adder is almost dead.
The adder closely misses you. The adder bites you.
You are more poisoned.
The adder poisons you!
You are too injured to fight recklessly!
You are too injured to fight recklessly!
You are too injured to fight recklessly!
You are too injured to fight recklessly!
You barely miss the adder.
The adder is almost dead.
You feel sick. The adder bites you.
You barely miss the adder.
The adder is severely wounded.
You feel sick. The adder bites you.
* * * LOW HITPOINT WARNING * * *
You are more poisoned.
The adder poisons you! The adder misses you.
Casting: Foxfire (safe; 5% risk of failure)
Confirm with . or Enter, or press ? or * to list all spells.
You conjure some foxfire!
* * * LOW HITPOINT WARNING * * *
You feel sick. The adder bites you.
* * * LOW HITPOINT WARNING * * *
You are more poisoned.
The adder poisons you!
Okay, then.
* * * LOW HITPOINT WARNING * * *
You feel sick.
The foxfire hits the adder.
You kill the adder!
Unknown command.
Okay, then.
There is a lethal amount of poison in your body!
There is a lethal amount of poison in your body!
* * * LOW HITPOINT WARNING * * *
You feel sick.
* * * LOW HITPOINT WARNING * * *
You feel sick.
You die...

############
#........'.#
#........#.########
#........#......@.#
#........########.#
#........<...#..v†#
#........##.##.####
#........# ##
#........+
#........#
##########


There were no monsters in sight!

Vanquished Creatures
  Jessica (D:2)
  2 adders
  2 oozes
  2 worms (D:2)
  A dart slug (D:1)
  An orc (D:2)
  A ball python (D:1)
  4 bats
  A giant cockroach (D:1)
  3 hobgoblins
  9 jackals (D:2)
  4 frilled lizards
  4 goblins
  3 kobolds (D:1)
  6 rats
44 creatures vanquished.

Vanquished Creatures (others)
  21 foxfires
21 creatures vanquished.

Grand Total: 65 creatures vanquished

Notes
Turn   | Place    | Note
-------+----------+-------------------------------------------
     0 | D:1      | KristoblXynda the Draconian Fire Elementalist began the
                  | quest for the Orb.
     0 | D:1      | Reached XP level 1. HP: 14/14 MP: 3/3
    32 | D:1      | Found a broken altar of Ashenzari.
    64 | D:1      | Became a worshipper of Ashenzari the Shackled
   288 | D:1      | Reached XP level 2. HP: 16/20 MP: 5/5
   914 | D:2      | Noticed Jessica
   923 | D:2      | Killed Jessica
   924 | D:2      | Reached XP level 3. HP: 26/26 MP: 6/6
  1272 | D:2      | Reached XP level 4. HP: 19/33 MP: 7/7
  2001 | D:3      | HP: 1/33 [poisoned by an adder]
  2002 | D:3      | Succumbed to an adder's poison

Illustrated notes

Levels and vault maps discovered:
D:1:      saegor_arrival_simple_a, layout_rooms, ashenzari_altar_1
D:2:      layout_basic, minmay_quantized, uniq_jessica
D:3:      layout_basic, minmay_increasing_density, uniq_grinder,
          uniq_crazy_yiuf_cottage, uniq_robin

Skill      XL: |  1  2 |
---------------+-------+-----
Dodging        | 2 |  2.9
Conjurations   | 2 |  2.5
Stealth        | |  1.7
Spellcasting   | |  2.0
Fire Magic     | |  3.9

Action                   |  1- 3 |  4- 6 || total
-------------------------+-------+-------++-------
Melee: Unarmed           |    11 |       ||    11
       Short sword       |    97 |    86 ||   183
       Tailslap          |    10 |     7 ||    17
 Cast: Foxfire           |     6 |     7 ||    13
 Stab: Sleeping          |     3 |     1 ||     4
Armor: Skin              |    50 |    31 ||    81
Dodge: Dodged            |    93 |    79 ||   172

Table legend: (Time is in decaauts)
 A = Elapsed time spent in this place.
 B = Non-inter-level travel time spent in this place.
 C = Inter-level travel time spent in this place.
 D = Time resting spent in this place.
 E = Time spent auto-exploring this place.
 F = Levels seen in this place.
 G = Mean time per level.
                   A        B        C        D        E       F      G
               +--------+--------+--------+--------+--------+-----+--------+
         Total |   2019 |   1958 |     61 |    766 |    681 |   3 |  673.0 |
       Dungeon |   2019 |   1958 |     61 |    766 |    681 |   3 |  673.0 |
               +--------+--------+--------+--------+--------+-----+--------+

Top non-repeatable levels by time:
     D:2: 1088 daAuts
     D:1: 890 daAuts
     D:3: 40 daAuts
